 Dungeon Crawl Stone Soup version 0.17-a0-957-ga3519be (webtiles) character file.

521 ololoev the Conjurer (level 7, -4/50 HPs)
             Began as a Red Draconian Conjurer on May 7, 2015.
             Slain by an orc priest
             ... wielding a +0 short sword
              (7 damage)
             ... on level 4 of the Dungeon.
             The game lasted 00:11:48 (3628 turns).

ololoev the Conjurer (Red Draconian Conjurer)       Turns: 3628, Time: 00:11:48

Health: -4/50      AC:  6    Str: 10    XL:     7   Next: 1%
Magic:  1/13       EV: 12    Int: 17    God:
Gold:   166        SH:  0    Dex: 12    Spells: 4 memorised, 3 levels left

rFire  + . .     SeeInvis .     e - +5 dagger
rCold  . . .     Clarity  .     (armour unavailable)
rNeg   . . .     SustAb   .     (no shield)
rPois  .         Gourm    .     (helmet restricted)
rElec  .         Spirit   .     (no cloak)
rCorr  .         Warding  .     (no gloves)
rMut   .         Stasis   .     (no boots)
MR     .....                    (no amulet)
Stlth  ++........               (no ring)
                                (no ring)

@: short of breath, not resistant to hostile enchantments, unstealthy
A: breathe fire, unfitting armour, fire resistance 1, cold-blooded, AC +6
a: Breathe Fire


Innate Abilities, Weirdness & Mutations

You can breathe blasts of fire.
Your fiery red scales are hard (AC +6).
Your body does not fit into most forms of armour.
Your flesh is heat resistant.
You are cold-blooded and may be slowed by cold attacks.

Inventory:

Hand weapons
 e - a +5 dagger (weapon)
Scrolls
 i - 5 scrolls of remove curse
 j - 2 scrolls of teleportation
 n - 2 scrolls of enchant armour
Potions
 c - a potion of ambrosia {unknown}
 d - 2 potions of heal wounds
 f - 3 potions of lignification
 m - 3 potions of curing {unknown}
 p - a potion of cure mutation {unknown}
Books
 a - a book of Conjurations

   Spells                             Type                      Level
   a - Magic Dart                     Conjuration                  1
   b - Searing Ray                    Conjuration                  2
   c - Dazzling Spray                 Conjuration/Hexes            3
   d - Fulminant Prism                Conjuration/Hexes            4
   e - Iskenderun's Mystic Blast      Conjuration                  4
   f - Iskenderun's Battlesphere      Conjuration/Charms           5
 k - a book of Envenomations

   Spells                             Type                      Level
   a - Spider Form                    Transmutation/Poison         3
   b - Alistair's Intoxication        Transmutation/Poison         4
   c - Olgreb's Toxic Radiance        Poison                       4
   d - Poisonous Cloud                Conjuration/Poison/Air       6
Comestibles
 b - 3 bread rations
 g - a slice of pizza
 h - 4 meat rations
 l - a chunk of flesh
 o - a beef jerky


   Skills:
 - Level 1.7 Dodging
 - Level 1.7 Stealth
 + Level 4.0 Spellcasting
 * Level 7.0 Conjurations
 + Level 2.0 Charms


You had 3 spell levels left.
You knew the following spells:

 Your Spells              Type           Power        Failure   Level  Hunger
a - Magic Dart            Conj           ####         1%          1    None
b - Searing Ray           Conj           ####..       1%          2    ##.....
c - Iskenderun's Battles  Conj/Chrm      ###.....     71%         5    ######.
d - Dazzling Spray        Conj/Hex       ###.....     12%         3    ###....


You were on level 4 of the Dungeon.
You were not hungry.

You visited 1 branch of the dungeon, and saw 4 of its levels.

You collected 166 gold pieces.

#......)...........#..
#..............## #..
#...............##.##.
#..................#..
#...............####..
#.....................
#.....................
#.....................
#....@..............#.
#####o#########......##
#.......# ##...###
#.......# ###.#
#......o##########.#
#....)..o.)o.)).).o#
#.......#########......
#.......# #..#.
#.......# .o.

Notes
Turn   | Place    | Note
--------------------------------------------------------------
     0 | D:1      | ololoev, the Draconian Conjurer, began the quest for the Orb.
     0 | D:1      | Reached XP level 1. HP: 14/14 MP: 3/3
   389 | D:1      | Reached XP level 2. HP: 12/20 MP: 5/5
   526 | D:1      | Learned a level 2 spell: Searing Ray
  1079 | D:2      | Reached XP level 3. HP: 15/26 MP: 1/6
  1419 | D:2      | Reached skill level 5 in Conjurations
  1704 | D:2      | Reached XP level 4. HP: 27/33 MP: 0/7
  2304 | D:3      | Reached XP level 5. HP: 29/38 MP: 4/9
  2356 | D:3      | Learned a level 5 spell: Iskenderun's Battlesphere
  2551 | D:3      | Reached skill level 6 in Conjurations
  2700 | D:3      | Reached skill level 1 in Charms
  2932 | D:3      | Reached XP level 6. HP: 17/45 MP: 1/11
  3100 | D:3      | Learned a level 3 spell: Dazzling Spray
  3608 | D:4      | Reached skill level 7 in Conjurations
  3608 | D:4      | Your scales start taking on a fiery red colour.
  3608 | D:4      | Gained mutation: Your flesh is heat resistant. [Red Draconian growth]
  3608 | D:4      | Reached XP level 7. HP: 31/50 MP: 0/13
  3628 | D:4      | Slain by an orc priest

Dungeon Overview and Level Annotations

Branches:
Dungeon (4/15)
 Temple: D:4-7

Altars:


Message History

You hit the orc priest but do no damage.
Your tail-slap misses the orc priest.
The orc priest hits you with a short sword.
Use which ability? (? or * to list)
Press: ? - help, Shift-Dir - straight line, f - orc priest
Aim: an orc priest, wielding a short sword and wearing a chain mail You breathe a blast of fire.
The fiery breath hits the orc priest.
The orc priest is lightly wounded.
You feel somewhat more hungry. The orc priest misses you.
You hit the orc priest.
Your tail-slap misses the orc priest.
The orc priest is heavily wounded.
The orc priest closely misses you.
You hit the orc priest but do no damage.
The orc priest is heavily wounded.
The orc priest mumbles some strange prayers to Beogh against you.
Something smites you!
You hit the orc priest.
The orc priest is severely wounded.
The orc priest's eyes start to glow.
You closely miss the orc priest.
The orc priest is severely wounded.
The orc priest calls down the wrath of Beogh upon you.
Something smites you!
Casting: Magic Dart
Confirm with . or Enter, or press ? or * to list all spells.
Aiming: Magic Dart
Press: ? - help, Shift-Dir - straight line, f/p - orc priest
Aim: an orc priest, wielding a short sword and wearing a chain mail (severely wounded)
The magic dart hits the orc priest.
The orc priest is almost dead.
The orc priest hits you with a short sword.
Casting: Magic Dart
Confirm with . or Enter, or press ? or * to list all spells.
Aiming: Magic Dart
Press: ? - help, Shift-Dir - straight line, f/p - orc priest
Aim: an orc priest, wielding a short sword and wearing a chain mail (almost dead)
The magic dart hits the orc priest.
The orc priest is almost dead.
The orc priest hits you with a short sword!
You die...

You could see an orc priest.

Vanquished Creatures
  An ogre (D:4)
  3 orc priests
  3 orc wizards
  A worker ant (D:4)
  11 adders
  3 gnolls
  A shadow imp (D:3)
  An ooze (D:3)
  2 worms (D:2)
  A giant gecko (D:1)
  19 orcs
  6 bats
  4 giant cockroaches
  4 hobgoblins
  3 jackals (D:3)
  5 kobolds
  2 ball pythons
  5 giant newts
  12 goblins
  6 rats
93 creatures vanquished.

Action                   |  1- 3 |  4- 6 |  7- 9 || total
-------------------------+-------+-------+-------++-------
Melee: Dagger            |    30 |    66 |    10 ||   106
 Cast: Magic Dart        |    26 |    33 |     3 ||    62
       Searing Ray       |     6 |    17 |       ||    23
       Dazzling Spray    |       |     1 |       ||     1
 Abil: Breathe Fire      |       |       |     1 ||     1
  Use: Scroll            |     7 |     2 |       ||     9
 Stab: Sleeping          |     1 |     1 |       ||     2
  Eat: Chunk             |     3 |     7 |       ||    10

Vault maps used:
D:1:      lightli_arrival_quake, roderic_filled_cross
D:3:      first_bread
